 Dungeon Crawl Stone Soup version 0.27-a0-242-ge0fc76b88b (webtiles) character file.

Game seed: 16604989250992776709

877254 ArcanElement the Bringer of Light (level 27, -7/233 HPs)
             Began as a Human Fighter on Feb 1, 2021.
             Was the Champion of the Shining One.
             Killed by a royal mummy's death curse (30 damage)
             ... on level 1 of the Tomb of the Ancients on Feb 2, 2021.
             The game lasted 07:14:29 (103669 turns).

ArcanElement the Bringer of Light (Human Fighter) Turns: 103669, Time: 07:14:31

Health: -7/233     AC: 52    Str: 31    XL:     27
Magic:  27/40      EV: 34    Int: 11    God:    the Shining One [******]
Gold:   2583       SH: 42    Dex: 27    Spells: 26/26 levels left

rFire    + + .     SeeInvis +   p - +9 eudemon blade (holy)
rCold    + . .     Faith    .   c - +1 kite shield
rNeg     + + +     Spirit   .   P - +12 gold dragon scales
rPois    +         Reflect  +   y - +1 helmet of the Several Invaders {-Cast rF+ Str+3}
rElec    +         Harm     .   v - +1 cloak of Starlight {*Dazzle EV+4 Stlth--}
rCorr    .         Rampage  .   S - +3 pair of gauntlets of War {Slay+5}
Will     +++..     NoCast   +   T - +3 pair of boots of Imoz {Str+2}
Stlth    ..........             X - amulet "Qytiqeyc" {Reflect Will+ Str-2 SH+5 SInv}
HPRegen  0.48/turn              x - ring of Divine Compulsion {rElec rPois Str+6 Int+2 Dex+6}
MPRegen  0.27/turn              q - ring "Oruagief" {EV+4 Dex+3}

@: divine shield, about to teleport, glowing, studying Polearms
A: talons 1, dopey 1, mutation resistance 1, electricity resistance
}: 5/15 runes: barnacled, slimy, silver, abyssal, gossamer
a: Renounce Religion, Divine Shield, Cleansing Flame, Summon Divine Warrior


You were on level 1 of the Tomb of the Ancients.
You worshipped the Shining One.
The Shining One was exalted by your worship.
You visited 13 branches of the dungeon, and saw 60 of its levels.
You visited the Abyss 1 time.
You also visited: Ossuary, Ice Cave and Volcano.

You collected 11529 gold pieces.
You spent 8946 gold pieces at shops.

Inventory:

Hand Weapons
 p - a +9 eudemon blade of holy wrath (weapon)
Missiles
 L - 9 silver boomerangs (quivered)
 R - 18 silver javelins
Armour
 c - a +1 kite shield (worn)
 v - the +1 cloak of Starlight (worn) {*Dazzle EV+4 Stlth--}
   (You bought it in a shop on level 3 of the Shoals)

   It affects your evasion (+4).
   It makes you much less stealthy.
 y - the +1 helmet of the Several Invaders (worn) {-Cast rF+ Str+3}
   (You found it on level 5 of the Pits of Slime)

   It affects your strength (+3).
   It protects you from fire.
   It prevents spellcasting.
 P - +12 gold dragon scales (worn)
 S - the +3 pair of gauntlets of War (worn) {Slay+5}
   (You bought it in a shop on level 3 of the Elven Halls)

   It affects your accuracy and damage with ranged weapons and melee attacks
   (+5).
 T - the +3 pair of boots of Imoz (worn) {Str+2}
   (You found it in an ice cave)

   It affects your strength (+2).
Jewellery
 q - the ring "Oruagief" (right hand) {EV+4 Dex+3}
   (You took it off a deep elf annihilator on level 3 of the Elven Halls)

   [ring of evasion]

   It affects your evasion (+4).
   It affects your dexterity (+3).
 x - the ring of Divine Compulsion (left hand) {rElec rPois Str+6 Int+2 Dex+6}
   (You bought it in a shop on level 3 of the Shoals)

   [ring of dexterity]

   It affects your strength (+6).
   It affects your intelligence (+2).
   It affects your dexterity (+6).
   It insulates you from electricity.
   It protects you from poison.
 X - the amulet "Qytiqeyc" (around neck) {Reflect Will+ Str-2 SH+5 SInv}
   (You bought it in a shop on level 4 of the Vaults)

   [amulet of reflection]

   It shields you and reflects attacks.
   It affects your strength (-2).
   It affects your willpower, your defense against some magical effects.
   It lets you see invisible.
   It affects your SH (+5).
Wands
 e - a wand of charming (30)
 h - a wand of mindburst (56)
 r - a wand of digging (5)
 w - a wand of iceblast (70)
 B - a wand of acid (20)
 H - a wand of flame (248)
 K - a wand of paralysis (60)
Scrolls
 a - a scroll of holy word
 b - a scroll of amnesia
 f - 11 scrolls of fog
 g - 31 scrolls of remove curse
 k - 5 scrolls of summoning
 m - 26 scrolls of teleportation
 o - a scroll of immolation
 z - 7 scrolls of magic mapping
 C - 6 scrolls of fear
 M - 5 scrolls of identify
 W - 5 scrolls of silence
Potions
 i - 3 potions of cancellation
 j - 26 potions of curing
 l - a potion of mutation
 n - 8 potions of haste
 s - 6 potions of lignification
 t - 6 potions of attraction
 A - 5 potions of berserk rage
 E - 2 potions of might
 I - 7 potions of resistance
 J - 2 potions of magic
 N - 17 potions of ambrosia
 U - 10 potions of flight
Miscellaneous
 d - a box of beasts
 O - a lightning rod (4/4)


   Skills:
 + Level 22.9 Fighting
 + Level 24.8 Long Blades
 - Level 6.2 Throwing
 + Level 22.9 Armour
 + Level 22.7 Dodging
 + Level 22.8 Shields
 + Level 26.0 Invocations


You had 26 spell levels left.
You didn't know any spells.
Your spell library contained the following spells:

 Spells                   Type           Power        Failure   Level
 Animate Skeleton         Necr           0%           94%         1
 Apportation              Tloc           0%           94%         1
 Beastly Appendage        Tmut           0%           94%         1
 Corona                   Hex            0%           94%         1
 Foxfire                  Conj/Fire      0%           94%         1
 Freeze                   Ice            0%           94%         1
 Magic Dart               Conj           0%           94%         1
 Pain                     Necr           0%           94%         1
 Sandblast                Erth           0%           94%         1
 Shock                    Conj/Air       0%           94%         1
 Sting                    Tmut/Pois      0%           94%         1
 Summon Small Mammal      Summ           0%           94%         1
 Blink                    Tloc           N/A          98%         2
 Call Imp                 Summ           0%           98%         2
 Corpse Rot               Necr/Air       N/A          98%         2
 Ensorcelled Hibernation  Hex/Ice        0%           98%         2
 Passwall                 Tmut/Erth      0%           98%         2
 Poisonous Vapours        Pois/Air       0%           98%         2
 Searing Ray              Conj           0%           98%         2
 Slow                     Hex            0%           98%         2
 Sublimation of Blood     Necr           0%           98%         2
 Swiftness                Air            0%           98%         2
 Wereblood                Tmut           0%           98%         2
 Call Canine Familiar     Summ           0%           100%        3
 Confusing Touch          Hex            0%           100%        3
 Conjure Flame            Conj/Fire      0%           100%        3
 Dazzling Flash           Conj/Hex       0%           100%        3
 Frozen Ramparts          Ice            0%           100%        3
 Gell's Gravitas          Tloc           0%           100%        3
 Ignite Poison            Fire/Tmut/Pois 0%           100%        3
 Inner Flame              Hex/Fire       0%           100%        3
 Lesser Beckoning         Tloc           0%           100%        3
 Mephitic Cloud           Conj/Pois/Air  0%           100%        3
 Ozocubu's Armour         Ice            0%           100%        3
 Spider Form              Tmut/Pois      0%           100%        3
 Static Discharge         Conj/Air       0%           100%        3
 Stone Arrow              Conj/Erth      0%           100%        3
 Teleport Other           Tloc           0%           100%        3
 Tukima's Dance           Hex            0%           100%        3
 Vampiric Draining        Necr           0%           100%        3
 Airstrike                Air            0%           100%        4
 Animate Armour           Summ/Erth      0%           100%        4
 Animate Dead             Necr           0%           100%        4
 Dispel Undead            Necr           0%           100%        4
 Fulminant Prism          Conj/Hex       0%           100%        4
 Hailstorm                Conj/Ice       0%           100%        4
 Ice Form                 Ice/Tmut       0%           100%        4
 Iskenderun's Mystic Bla  Conj/Tloc      0%           100%        4
 Leda's Liquefaction      Hex/Erth       0%           100%        4
 Olgreb's Toxic Radiance  Pois           0%           100%        4
 Passage of Golubria      Tloc           N/A          100%        4
 Petrify                  Tmut/Erth      0%           100%        4
 Sticky Flame             Conj/Fire      0%           100%        4
 Summon Ice Beast         Ice/Summ       0%           100%        4
 Summon Lightning Spire   Summ/Air       0%           100%        4
 Agony                    Necr           0%           100%        5
 Alistair's Intoxication  Tmut/Pois      0%           100%        5
 Blade Hands              Tmut           0%           100%        5
 Bolt of Magma            Conj/Fire/Erth 0%           100%        5
 Borgnjor's Vile Clutch   Necr/Erth      0%           100%        5
 Excruciating Wounds      Necr           0%           100%        5
 Fireball                 Conj/Fire      0%           100%        5
 Irradiate                Conj/Tmut      0%           100%        5
 Iskenderun's Battlesphe  Conj           0%           100%        5
 Lee's Rapid Deconstruct  Erth           0%           100%        5
 Lightning Bolt           Conj/Air       0%           100%        5
 Metabolic Englaciation   Hex/Ice        0%           100%        5
 Silence                  Hex/Air        0%           100%        5
 Summon Mana Viper        Hex/Summ       0%           100%        5
 Yara's Violent Unravell  Hex/Tmut       0%           100%        5
 Conjure Ball Lightning   Conj/Air       0%           100%        6
 Death Channel            Necr           0%           100%        6
 Freezing Cloud           Conj/Ice/Air   0%           100%        6
 Hydra Form               Tmut           0%           100%        6
 Invisibility             Hex            0%           100%        6
 Iron Shot                Conj/Erth      0%           100%        6
 Shadow Creatures         Summ           N/A          100%        6
 Simulacrum               Ice/Necr       0%           100%        6
 Starburst                Conj/Fire      0%           100%        6
 Statue Form              Tmut/Erth      0%           100%        6
 Dragon Form              Tmut           0%           100%        7
 Malign Gateway           Summ/Tloc      0%           100%        7
 Orb of Destruction       Conj           0%           100%        7
 Ozocubu's Refrigeration  Ice            0%           100%        7
 Spellforged Servitor     Conj/Summ      0%           100%        7
 Discord                  Hex            0%           100%        8
 Ignition                 Fire           0%           100%        8
 Dragon's Call            Summ           0%           100%        9
 Shatter                  Erth           0%           100%        9
 Tornado                  Air            0%           100%        9


Dungeon Overview and Level Annotations

Branches:
Dungeon (15/15)            Temple (1/1) D:5            Lair (6/6) D:10
 Shoals (4/4) Lair:3       Spider (4/4) Lair:3        Slime (5/5) Lair:5
    Orc (2/2) D:9             Elf (3/3) Orc:2        Vaults (5/5) D:14
  Crypt (3/3) Vaults:3       Tomb (2/3) Crypt:3      Depths (5/5) D:15
    Zot (5/5) Depths:5    Ossuary (visited)           IceCv (visited)
Volcano (visited)

Altars:
Ashenzari
Cheibriados
Dithmenos
Elyvilon
Fedhas
Gozag
Hepliaklqana
Kikubaaqudgha
Makhleb
Nemelex Xobeh
Okawaru
Qazlal
Ru
Sif Muna
Trog
Uskayaw
Vehumet
Wu Jian
Xom
Yredelemnul
Zin
The Shining One
Beogh
Jiyva
Lugonu

Shops:
D:6 *   Orc:1 !   Orc:2 (:([(*!   Elf:3 ((*[   Shoals:2 (   Shoals:3 [=}(
Vaults:3 *   Vaults:4 =

Portals:
Hell: Depths:1 Depths:2 Depths:3 Depths:4 Depths:5
Abyss: Depths:2 Depths:4
Pandemonium: Depths:1 Depths:3
Ziggurat: Depths:2


Innate Abilities, Weirdness & Mutations

You have sharp toenails.
You are dopey. (Int -2)
You are somewhat resistant to further mutation.
You are resistant to electric shocks. (rElec)


Message History

* * * LOW HITPOINT WARNING * * *
Unknown command.
You slice the royal mummy!!
The royal mummy convulses!!
The royal mummy is severely damaged.
You block the death scarab's attack. x3
Unknown command.
You slice the royal mummy!!
The royal mummy convulses!
The royal mummy is almost destroyed.
You block the death scarab's attack. x2
The royal mummy gestures at you while chanting.
Something smites you!
* * * LOW HITPOINT WARNING * * *
You block the death scarab's attack.
You slash the royal mummy!
You destroy the royal mummy!
The Shining One accepts your kill.
The death scarab disappears in a puff of smoke! x3
You feel extremely nervous for a moment...
Pain shoots through your body!!
You die...

..........##..# #.....
..........##MM########## #.8...
..........##..#...##...# #.....
..........##..#........# #.....
..........##Z4#..#..#..# #.8...
..........##.4##......## #.....
..........##Z.##......## #.....
..........##MW#.§#..#..# #.8...
..........##..'4@.§....# #.....
..........##>.4..§##...# #.....
..........############## #.8...
..........##################.....
.................................
.............................8...
.................................
.................................
.................................


You could see a mummy priest, a flayed ghost (summoned), an ice devil (summoned)
and a red devil (summoned).

Vanquished Creatures
  the Royal Jelly (Slime:5)
  9 dread liches
  The ghost of Ytolar the Conqueror, a legendary DsFi of Jiyva (Zot:3)
  3 orbs of fire (Zot:5)
  5 ancient liches
  Mara (Spider:4)
  A juggernaut (Abyss:4)
  Sojobo (Vaults:5)
  Boris (twice) (Vaults:4 Depths:3)
  11 royal mummies
  4 Killer Klowns
  Margery (Crypt:1)
  Bai Suzhen (Crypt:2)
  5 caustic shrikes
  3 curse toes
  Jory (Crypt:2)
  2 profane servitors
  14 golden dragons
  3 bone dragons
  Arachne (Spider:4)
  Nikola (Spider:3)
  A shard shrike zombie (Crypt:1)
  3 Hell Sentinels (Abyss:2)
  Jorgrun (Spider:3)
  8 electric golems
  31 tentacled monstrosities
  A shard shrike skeleton (Crypt:1)
  Rupert (Spider:1)
  25 Orb Guardians (Zot:5)
  10 liches
  2 deep elf blademasters
  6 titans
  8 quicksilver dragons
  A kraken (Shoals:4)
  A deep elf master archer (Elf:3)
  27 acid blobs
  16 death cobs
  11 tentacled starspawn
  10 ancient champions
  Agnes (Spider:1)
  14 sphinxes
  An Executioner (Abyss:2)
  Gastronok (Lair:1)
  27 storm dragons
  11 shadow dragons
  4 revenants
  7 draconian monks
  Roxanne (Spider:1)
  A shadow dragon (shapeshifter) (Vaults:5)
  Donald (Shoals:1)
  Kirke (D:12)
  10 tengu reavers
  Ilsuiw (Shoals:3)
  5 fire giants
  3 iron dragons
  3 deep elf sorcerers
  6 draconian knights
  12 azure jellies
  12 frost giants
  17 vault wardens
  4 draconian scorchers
  2 orc warlords
  Louise (Depths:2)
  3 deep elf elementalists (Elf:3)
  3 draconian stormcallers
  A cacodemon (Depths:1)
  3 emperor scorpions
  9 ghost moths
  A curse skull (Crypt:3)
  3 war gargoyles
  4 draconian shifters
  3 ghouls
  28 stone giants
  5 vampire knights
  7 draconian annihilators
  2 ophanim (Abyss:4)
  17 ironheart preservers
  2 angels (Abyss:4)
  12 black draconians
  27 very ugly things
  13 white draconians
  18 green draconians
  The ghost of Mysukhlell the Transmogrifier, a journeyman DrTm of Uskayaw (Lair:5)
  Azrael (Spider:1)
  8 deep elf demonologists
  11 yellow draconians
  6 bennus (Tomb:1)
  8 entropy weavers
  The ghost of Ruicvywi the Grappler, a journeyman OgTm of Okawaru (Lair:3)
  A lorocyproca (Abyss:2)
  A dire elephant (Lair:6)
  4 deep elf annihilators (Elf:3)
  16 purple draconians
  3 spark wasps (Spider:4)
  15 red draconians
  9 deep elf death magi
  The ghost of reativica the Archer, a journeyman CeHu of Fedhas (Spider:3)
  7 eidola
  11 merfolk impalers
  2 blizzard demons (IceCv)
  5 merfolk javelineers
  14 death oozes
  20 ettins
  A green death (Abyss:2)
  18 mummy priests
  9 deep elf high priests
  9 great orbs of eyes
  19 jiangshi
  16 yaktaur captains
  16 fire dragons
  The ghost of Zoobame the Devastator, a journeyman DEWz of Sif Muna (Lair:2)
  21 ice dragons
  A monstrous demonspawn (Depths:3)
  8 rakshasas
  33 vault guards
  11 hydras
  6 spriggan air magi
  3 boulder beetles
  A naga warrior (Abyss:3)
  25 ogre magi
  An anaconda (Lair:5)
  8 centaur warriors
  3 merfolk aquamancers
  11 death knights
  A catoblepas (Lair:6)
  6 merfolk avatars
  63 two-headed ogres
  An orc high priest (Orc:2)
  39 dancing weapons
  9 death scarabs (Tomb:1)
  9 deep troll shamans
  3 satyrs (Shoals:4)
  A two-headed ogre (shapeshifter) (Depths:5)
  7 vampire magi
  5 thrashing horrors
  8 deep troll earth magi
  15 death yaks
  A hell hog (Abyss:2)
  3 tengu warriors
  6 spriggan berserkers
  The ghost of lunkers the Fighter, a novice HOHu of Okawaru (D:7)
  5 soul eaters
  5 hell knights
  13 wretched stars
  4 salamander mystics (Depths:5)
  29 skeletal warriors
  32 deep elf knights
  A ghost moth zombie (Crypt:2)
  7 shadow wraiths
  A storm dragon skeleton (Tomb:1)
  26 deep trolls
  4 sixfirhies (Abyss:2)
  A bog body (Crypt:3)
  An entropy weaver zombie (Crypt:3)
  6 unseen horrors
  2 unseen horrors (shapeshifter)
  11 sea snakes
  2 cherubim (Abyss:4)
  6 glowing orange brains
  A torturous demonspawn (Depths:3)
  12 flayed ghosts
  8 wizards
  14 orc knights
  A swamp dragon (Lair:6)
  4 lindwurms
  An iron giant skeleton (Crypt:1)
  A sphinx zombie (Crypt:2)
  39 deep elf pyromancers
  34 deep elf zephyrmancers
  16 phantasmal warriors
  17 ironbrand convokers
  A goliath frog zombie (Crypt:3)
  2 harpies
  2 oklob plants (Lair:3)
  23 deep elf archers
  6 necromancers
  A wolf spider zombie (Tomb:2)
  A mana viper (Abyss:2)
  11 manticores
  11 shining eyes
  20 wolf spiders
  12 cyclopes
  A faun (shapeshifter) (Elf:1)
  6 orc sorcerers
  3 will-o-the-wisps
  18 ugly things
  2 frost giant zombies (Abyss:2)
  37 moths of wrath
  12 salamanders
  3 worldbinders
  12 orb spiders
  A stone giant skeleton (Tomb:2)
  A cyclops (shapeshifter) (Vaults:5)
  An iron dragon zombie (Crypt:2)
  12 elephants
  16 fauns
  An elephant (shapeshifter) (Vaults:5)
  3 stone giant zombies
  3 guardian serpents
  2 iron dragon skeletons
  7 black mambas
  2 rust devils
  14 merfolk sirens
  A water nymph (shapeshifter) (Vaults:5)
  3 eyes of devastation
  An apocalypse crab (Abyss:2)
  19 vault sentinels
  13 cane toads
  2 torpor snails
  3 water nymphs
  A black mamba (shapeshifter) (Vaults:1)
  A storm dragon simulacrum (Abyss:2)
  3 orange demons
  3 ice statues
  An eye of devastation (shapeshifter) (Vaults:5)
  2 molten gargoyles (Volcano)
  A torpor snail (shapeshifter) (Depths:5)
  2 gargoyles
  5 centaur skeletons
  10 smoke demons
  A cane toad (shapeshifter) (Depths:4)
  2 hellions
  4 efreet
  10 rime drakes
  A kobold demonologist (D:14)
  52 yaktaurs
  4 ice devils (IceCv)
  19 freezing wraiths
  2 anaconda simulacra (IceCv)
  5 demonic crawlers
  10 ancient zymes
  5 komodo dragons
  A golden dragon simulacrum (IceCv)
  8 tengu conjurers
  2 death yak skeletons
  8 hellwings
  A queen bee (Spider:3)
  5 red devils
  24 guardian mummies
  A sea snake skeleton (Crypt:2)
  3 wind drakes
  2 polar bears
  6 meliai
  11 trolls
  2 trolls (shapeshifter)
  32 jumping spiders
  25 merfolk
  14 hornets
  A polar bear (shapeshifter) (Vaults:1)
  A harpy skeleton (D:13)
  A hornet (shapeshifter) (Vaults:3)
  A raiju (shapeshifter) (Depths:2)
  37 large abominations
  16 raiju
  13 blink frogs
  A human simulacrum (Vaults:3)
  4 dream sheep
  A dream sheep (shapeshifter) (Vaults:1)
  12 snapping turtles
  A fire giant simulacrum (Crypt:2)
  2 ettin zombies
  125 slime creatures
  2 snapping turtles (shapeshifter)
  5 spriggans
  15 water elementals
  6 air elementals
  2 ettin skeletons
  20 wraiths
  13 ynoxinuls
  A shadow (Abyss:2)
  A fire dragon skeleton (Abyss:2)
  28 flying skulls
  79 redbacks
  A redback (shapeshifter) (Depths:5)
  88 starcursed masses
  8 fire elementals
  26 tarantellas
  2 tarantellas (shapeshifter)
  13 wyverns
  A spriggan (shapeshifter) (Vaults:4)
  62 yaks
  A dire elephant simulacrum (IceCv)
  19 humans (D:14)
  5 fire bats
  6 ushabtiu
  A black mamba skeleton (Crypt:3)
  5 golden eyes (Abyss:2)
  9 basilisks
  A chaos spawn (Abyss:2)
  3 vampire mosquitoes (D:13)
  12 neqoxecs
  3 steam dragons
  A basilisk (shapeshifter) (Vaults:1)
  4 wargs
  A naga (Abyss:3)
  A torturous demonspawn zombie (Crypt:3)
  9 acid dragons
  8 harpy simulacra
  A soldier ant (D:12)
  16 water moccasins
  3 floating eyes
  7 hell hounds
  A monstrous demonspawn skeleton (Crypt:2)
  A hydra simulacrum (IceCv)
  An iron troll simulacrum (IceCv)
  A soldier ant (shapeshifter) (Vaults:1)
  51 orc warriors
  2 black bears
  2 swamp drakes (Lair:6)
  3 ice beasts
  2 ettin simulacra (IceCv)
  A black bear (shapeshifter) (Elf:2)
  2 sky beasts
  37 ogres
  7 boggarts
  8 eyes of draining
  3 necrophages
  28 small abominations
  9 wolves
  25 centaurs
  A swamp dragon zombie (Crypt:3)
  2 phantoms
  A manticore skeleton (Crypt:1)
  3 big kobolds (D:14)
  A hog skeleton (Crypt:2)
  26 bullfrogs
  A gnoll sergeant (D:8)
  A water moccasin zombie (Ossuary)
  3 earth elementals
  A wyvern skeleton (D:10)
  2 scorpions
  31 killer bees
  An elephant simulacrum (IceCv)
  A shapeshifter zombie (Crypt:2)
  2 swamp dragon simulacra (IceCv)
  11 wights
  4 howler monkeys
  3 electric eels
  A bullfrog zombie (D:13)
  5 lava snakes (Volcano)
  6 centaur zombies
  A wolf skeleton (Crypt:1)
  9 hounds
  4 quasits
  A yaktaur simulacrum (Vaults:1)
  3 draconian simulacra (IceCv)
  14 jellies
  18 orc priests
  2 bullfrog skeletons
  6 iguanas (Lair:6)
  2 iron imps
  68 mummies
  43 orc wizards
  14 hell rats
  12 worker ants
  2 polar bear simulacra (IceCv)
  A spriggan simulacrum (IceCv)
  4 troll simulacra (IceCv)
  A wolf simulacrum (IceCv)
  A killer bee zombie (Ossuary)
  3 centaur simulacra (IceCv)
  2 deep dwarf skeletons (Crypt:1)
  A naga skeleton (Crypt:3)
  An acid dragon skeleton (Crypt:2)
  4 hound zombies (Ossuary)
  A howler monkey zombie (D:7)
  4 worker ant zombies
  4 gnolls (D:8)
  A howler monkey skeleton (Crypt:1)
  3 naga simulacra (IceCv)
  7 river rats (D:7)
  11 adders
  An ogre simulacrum (IceCv)
  4 shadow imps
  11 white imps
  12 ufetubi
  An ooze (D:1)
  2 adder zombies
  An iguana zombie (Crypt:2)
  2 adder skeletons (D:4)
  A lava snake skeleton (Crypt:3)
  5 worms
  4 dart slugs
  6 leopard geckos
  108 orcs
  2 ball pythons
  7 bats
  4 giant cockroaches
  12 hobgoblins
  16 jackals
  18 kobolds
  12 quokkas
  8 frilled lizards
  A frilled lizard zombie (Crypt:3)
  A giant cockroach zombie (Crypt:2)
  7 goblins
  A hobgoblin skeleton (Crypt:3)
  A leopard gecko zombie (Ossuary)
  2 quokka zombies
  21 rats
  2 lurking horrors (Abyss:2)
  9 starspawn tentacles
  3 tentacles (Shoals:4)
3496 creatures vanquished.

Vanquished Creatures (collateral kills)
  A curse toe (Crypt:1)
  A bone dragon (Crypt:1)
  A tentacled monstrosity (Depths:3)
  A deep elf blademaster (Elf:3)
  A deep elf master archer (Elf:3)
  A deep elf sorcerer (Vaults:4)
  A stone giant (Vaults:4)
  A vampire knight (Depths:3)
  A spark wasp (Depths:3)
  A yaktaur captain (Depths:3)
  2 jiangshi (Crypt:1)
  A death knight (Crypt:1)
  3 skeletal warriors (Crypt:1)
  A spark wasp zombie (Crypt:1)
  2 phantasmal warriors (Crypt:1)
  2 harpies (Vaults:4)
  2 vault sentinels (Vaults:4)
  A freezing wraith (Crypt:1)
  A yaktaur (Vaults:4)
  A guardian mummy (Tomb:2)
  A wraith (Crypt:1)
  A hell hound (Spider:1)
  A lindwurm zombie (Crypt:1)
  A palentonga zombie (Crypt:1)
  A mummy (Tomb:2)
31 creatures vanquished.

Vanquished Creatures (others)
  A bone dragon (Zot:4)
  A sphinx (Tomb:1)
  A fire giant (Zot:2)
  A yellow draconian (Zot:1)
  A black draconian (Zot:2)
  A white draconian (Zot:4)
  A purple draconian (Zot:3)
  A deep elf death mage (Vaults:4)
  2 deep elf knights
  A deep troll (Depths:5)
  2 deep elf zephyrmancers
  An ironbrand convoker (Vaults:3)
  A deep elf pyromancer (Elf:2)
  An orb spider (Spider:3)
  Maurice (D:12)
  A vault sentinel (Vaults:5)
  A red devil (D:15)
  A hornet (Depths:5)
  A raiju (Abyss:2)
  A redback (Spider:3)
  A spriggan (Depths:5)
  A fire elemental (Spider:1)
  2 wraiths (Crypt:1)
  A water elemental (Elf:2)
  2 humans (D:12)
  An ogre (Depths:1)
  2 centaurs (Vaults:3)
  A worker ant (D:12)
  2 ufetubi (IceCv)
  10 orcs
  2 bushes
  8 foxfires
  50 fungi
  115 plants
  22 starspawn tentacles
  13 tentacles (Shoals:4)
  9 withered plants (Ossuary)
264 creatures vanquished.

Grand Total: 3791 creatures vanquished

Notes
Turn   | Place    | Note
-------+----------+-------------------------------------------
     0 | D:1      | ArcanElement the Human Fighter began the quest for the Orb.
     0 | D:1      | Reached XP level 1. HP: 18/18 MP: 1/1
    60 | D:1      | Reached XP level 2. HP: 23/24 MP: 2/2
   515 | D:1      | Reached XP level 3. HP: 27/29 MP: 3/3
   666 | D:1      | Reached skill level 1 in Dodging
  1157 | D:2      | Reached XP level 4. HP: 32/35 MP: 4/4
  1439 | D:2      | Found a stormy altar of Qazlal.
  1499 | D:2      | Found an iron altar of Okawaru.
  2123 | D:3      | Reached XP level 5. HP: 41/41 MP: 5/5
  2422 | D:3      | Found a broken altar of Ashenzari.
  2428 | D:3      | Noticed an ogre
  3094 | D:3      | Killed an ogre
  3095 | D:3      | Reached XP level 6. HP: 45/48 MP: 6/6
  3513 | D:4      | Found a hazy altar of Hepliaklqana.
  3863 | D:4      | Found a transporter.
  3914 | D:4      | Reached XP level 7. HP: 39/54 MP: 7/7
  4063 | D:4      | Found a transporter.
  4074 | D:4      | Noticed a fire bat
  4410 | D:4      | Found a shimmering altar of Xom.
  4600 | D:5      | Entered Level 5 of the Dungeon
  4602 | D:5      | Found a staircase to the Ecumenical Temple.
  4614 | Temple   | Entered the Ecumenical Temple
  4686 | Temple   | Became a worshipper of the Shining One
  4918 | D:5      | Found a shimmering blue altar of Sif Muna.
  4975 | D:5      | Reached skill level 1 in Invocations
  4982 | D:5      | Reached skill level 2 in Invocations
  4995 | D:5      | Reached skill level 3 in Invocations
  4995 | D:5      | Reached XP level 8. HP: 57/61 MP: 10/10
  5041 | D:5      | Reached skill level 4 in Invocations
  5242 | D:5      | Found a white marble altar of Elyvilon.
  5388 | D:5      | Found a sacrificial altar of Ru.
  5556 | D:6      | Reached skill level 5 in Invocations
  5560 | D:6      | Found a sand-covered staircase.
  5566 | Ossuary  | Entered an ossuary
  5670 | Ossuary  | Reached * piety under the Shining One
  5901 | Ossuary  | Reached ** piety under the Shining One
  5942 | Ossuary  | Reached XP level 9. HP: 56/67 MP: 13/13
  6390 | D:6      | Reached skill level 5 in Fighting
  6390 | D:6      | Reached skill level 5 in Armour
  6492 | D:6      | Found Puruli's Mayhem Merchandise.
  6596 | D:6      | Reached skill level 5 in Shields
  6596 | D:6      | Reached skill level 6 in Invocations
  6840 | D:6      | Reached skill level 5 in Long Blades
  7193 | D:7      | Reached *** piety under the Shining One
  7816 | D:7      | Noticed lunkers's ghost (novice HOHu)
  7824 | D:7      | Found a runed translucent gate.
  7824 | D:7      | Found a runed translucent gate.
  7824 | D:7      | Found a runed translucent gate.
  7858 | D:7      | Found a blossoming altar of Fedhas.
  8463 | D:8      | Reached skill level 7 in Invocations
  8817 | D:8      | Noticed a two-headed ogre
  8834 | D:8      | Killed a two-headed ogre
  8835 | D:8      | Reached XP level 10. HP: 21/76 MP: 13/15
  9444 | D:9      | Found a snail-covered altar of Cheibriados.
  9499 | D:9      | Reached skill level 5 in Dodging
  9585 | D:9      | Reached skill level 8 in Invocations
  9698 | D:9      | Reached **** piety under the Shining One
 10019 | D:9      | Found a staircase to the Orcish Mines.
 10380 | D:9      | Found a glowing silver altar of Zin.
 10692 | D:10     | Entered Level 10 of the Dungeon
 10726 | D:10     | Noticed a two-headed ogre
 10766 | D:10     | Killed a two-headed ogre
 10767 | D:10     | Reached XP level 11. HP: 59/83 MP: 15/17
 10932 | D:10     | Reached skill level 9 in Invocations
 11281 | D:10     | Found a staircase to the Lair.
 11299 | D:10     | Noticed a two-headed ogre
 11474 | D:10     | Noticed an unseen horror
 11484 | D:10     | Killed an unseen horror
 11990 | D:10     | Got a smoking dagger
 11997 | D:10     | Identified the +10 dagger of the Forest {venom, rC+ Will+
                  | Stlth-} (You found it on level 10 of the Dungeon)
 12057 | D:10     | Killed a two-headed ogre
 12309 | D:10     | Found a bloodstained altar of Trog.
 12513 | Lair:1   | Entered Level 1 of the Lair of Beasts
 12513 | Lair:1   | Noticed a four-headed hydra
 12889 | D:11     | Reached skill level 10 in Invocations
 12924 | D:11     | Reached XP level 12. HP: 71/91 MP: 19/19
 13943 | D:12     | Noticed an unseen horror
 13950 | D:12     | Killed an unseen horror
 14087 | D:12     | Noticed Maurice
 14093 | D:12     | Noticed a two-headed ogre
 14101 | D:11     | Killed a two-headed ogre
 14412 | D:12     | Noticed Kirke
 14422 | D:12     | Killed Kirke
 14423 | D:12     | Reached skill level 11 in Invocations
 14444 | D:12     | Noticed a boulder beetle
 14447 | D:12     | Killed Maurice
 14448 | D:12     | Reached skill level 10 in Long Blades
 14460 | D:12     | Killed a boulder beetle
 15836 | D:10     | Noticed a two-headed ogre
 15845 | D:10     | Killed a two-headed ogre
 15846 | D:10     | Reached XP level 13. HP: 97/98 MP: 18/21
 15877 | Lair:1   | Killed a four-headed hydra
 15987 | Lair:1   | Noticed Gastronok
 16002 | Lair:1   | Killed Gastronok
 16332 | Lair:1   | Noticed a four-headed hydra
 16339 | Lair:1   | Killed a four-headed hydra
 16562 | Lair:1   | Reached skill level 12 in Invocations
 17034 | Lair:1   | Found a shadowy altar of Dithmenos.
 17285 | Lair:2   | Found a runed translucent gate.
 17285 | Lair:2   | Found a runed translucent gate.
 17285 | Lair:2   | Found a runed translucent gate.
 17290 | Lair:2   | Noticed Zoobame's ghost (journeyman DEWz)
 17808 | Lair:2   | Noticed a four-headed hydra
 17820 | Lair:2   | Killed a four-headed hydra
 18009 | Lair:2   | Paralysed by a hornet for 2 turns
 18315 | Lair:2   | Found a viscous altar of Jiyva.
 18746 | D:7      | Killed lunkers's ghost
 19759 | Lair:3   | Found a staircase to the Shoals.
 20060 | Lair:3   | Found a transporter.
 20061 | Lair:3   | Found a transporter.
 20061 | Lair:3   | Found a sparkling altar of Nemelex Xobeh.
 20061 | Lair:3   | Noticed Ruicvywi's ghost (journeyman OgTm)
 20103 | Lair:3   | Noticed a six-headed hydra
 20128 | Lair:3   | Killed a six-headed hydra
 20297 | Lair:3   | Reached XP level 14. HP: 64/106 MP: 23/23
 21109 | Lair:3   | Found a hole to the Spider Nest.
 22125 | Lair:4   | Reached skill level 13 in Invocations
 22525 | Lair:5   | Reached ***** piety under the Shining One
 23860 | Lair:5   | Found a transporter.
 23863 | Lair:5   | Noticed Mysukhlell's ghost (journeyman DrTm)
 23864 | Lair:5   | Found a transporter.
 24362 | Lair:5   | Found a staircase to the Slime Pits.
 24765 | Lair:6   | Entered Level 6 of the Lair of Beasts
 24833 | Lair:6   | Reached XP level 15. HP: 58/114 MP: 23/25
 24840 | Lair:6   | Found a dark tunnel.
 24926 | Volcano  | Entered a volcano
 25161 | Volcano  | Found a radiant altar of Vehumet.
 25204 | Volcano  | Noticed a stone giant
 25223 | Volcano  | Killed a stone giant
 25451 | Volcano  | Reached XP level 16. HP: 122/122 MP: 26/26
 25982 | Lair:6   | Reached skill level 14 in Invocations
 26365 | Lair:6   | Reached skill level 10 in Fighting
 26365 | Lair:6   | Reached skill level 10 in Armour
 26377 | Lair:6   | Reached skill level 10 in Shields
 28156 | Lair:6   | Identified the Reference Book on the Oath and Creation
 28979 | Lair:2   | Killed Zoobame's ghost
 29433 | Lair:3   | Killed Ruicvywi's ghost
 29919 | Lair:5   | Reached XP level 17. HP: 112/129 MP: 28/28
 29958 | Lair:5   | Killed Mysukhlell's ghost
 30378 | D:13     | Reached skill level 10 in Dodging
 31632 | D:14     | Identified the +8 trident "Tuimpim" {drain, rC+}
 31972 | Orc:1    | Entered Level 1 of the Orcish Mines
 31972 | Orc:1    | Found Xatue's Distillery.
 32156 | Orc:2    | Entered Level 2 of the Orcish Mines
 32156 | Orc:2    | Found Uxemuog's Distillery.
 32266 | Orc:1    | Reached skill level 15 in Invocations
 32834 | Orc:2    | Found Vasit's Antique Weapon Shoppe.
 32899 | Orc:2    | Found Zevy's Book Boutique.
 33098 | Orc:2    | Found a roughly hewn altar of Beogh.
 33252 | Orc:2    | Found a staircase to the Elven Halls.
 33282 | Orc:2    | Found a roughly hewn altar of Beogh.
 33369 | Orc:2    | Found a roughly hewn altar of Beogh.
 33370 | Orc:2    | Found Omup's Assorted Antiques.
 33627 | Orc:2    | Found Reagext's Weapon Boutique.
 34086 | Orc:2    | Found Badaroat's Antique Armour Emporium.
 34087 | Orc:2    | Found a roughly hewn altar of Beogh.
 34088 | Orc:2    | Found Kirurghuy's Antique Weapon Shoppe.
 34107 | Orc:2    | Bought an ichor-stained ring mail for 333 gold pieces
 34107 | Orc:2    | Bought a pair of glowing boots for 277 gold pieces
 34127 | Orc:2    | Bought an ivory scimitar for 270 gold pieces
 34127 | Orc:2    | Bought a brightly glowing scimitar for 270 gold pieces
 34150 | Orc:2    | Bought a pair of runed gloves for 225 gold pieces
 34150 | Orc:2    | Bought a scroll labelled YTOIBIJOUBB for 30 gold pieces
 34173 | Orc:2    | Bought a glowing hunting sling for 135 gold pieces
 34177 | Orc:2    | Identified the +2 ring mail of Eternity {Will+ Int+2} (You
                  | bought it in a shop on level 2 of the Orcish Mines)
 34248 | Orc:2    | Identified the +7 scimitar "Juetost" {flame, rF- Dex-4 SInv
                  | Stlth+} (You bought it in a shop on level 2 of the Orcish
                  | Mines)
 34249 | Orc:2    | Identified the +8 scimitar of the Pharaoh's Fist {venom,
                  | rC- Str+8} (You bought it in a shop on level 2 of the
                  | Orcish Mines)
 35082 | D:14     | Reached ****** piety under the Shining One
 35347 | D:14     | Found a gate to the Vaults.
 35819 | D:15     | Entered Level 15 of the Dungeon
 36087 | D:15     | Reached XP level 18. HP: 111/138 MP: 29/29
 36381 | D:15     | Found a staircase to the Depths.
 37079 | Spider:1 | Entered Level 1 of the Spider Nest
 37345 | Spider:1 | Identified Roxanne's Papyrus of Transmigration
 37345 | Spider:1 | Noticed Roxanne
 37457 | Spider:1 | Killed Roxanne
 37553 | Spider:1 | Noticed Agnes
 37561 | Spider:1 | Killed Agnes
 37697 | Spider:1 | Noticed Rupert
 37700 | Spider:1 | Noticed Azrael
 37710 | Spider:1 | Paralysed by Rupert for 6 turns
 37718 | Spider:1 | Killed Rupert
 37731 | Spider:1 | Killed Azrael
 38321 | Spider:2 | Found a frozen archway.
 38324 | IceCv    | Entered an ice cave
 39826 | IceCv    | Got a pair of bloodstained boots
 39844 | IceCv    | Identified the +3 pair of boots of Imoz {Str+2} (You found
                  | it in an ice cave)
 40933 | Spider:2 | Reached skill level 16 in Invocations
 41969 | Spider:3 | Reached XP level 19. HP: 146/146 MP: 31/31
 42266 | Spider:3 | Noticed Nikola
 42766 | Shoals:1 | Entered Level 1 of the Shoals
 43680 | Shoals:2 | Found Pefydi's Weapon Shoppe.
 43684 | Shoals:2 | Noticed Donald
 43698 | Shoals:1 | Killed Donald
 43970 | Shoals:2 | Found a runed translucent door.
 44287 | Shoals:3 | Noticed Ilsuiw
 44309 | Shoals:3 | Found Vathoqi's Antique Armour Shop.
 44546 | Shoals:3 | Found Dievas's Jewellery Boutique.
 44653 | Shoals:3 | Found Hawaakar's Antique Weapon Boutique.
 44769 | Shoals:3 | Found Riom's Gadget Shoppe.
 44794 | Shoals:3 | Bought the ring of Divine Compulsion {rElec rPois Str+6
                  | Int+2 Dex+6} for 1589 gold pieces
 44825 | Shoals:3 | Bought a steaming scimitar for 360 gold pieces
 44825 | Shoals:3 | Identified the +9 scimitar of Trauma {freeze, rN++} (You
                  | bought it in a shop on level 3 of the Shoals)
 45218 | Shoals:3 | Killed Ilsuiw
 45760 | Spider:3 | Found a runed translucent gate.
 45764 | Spider:3 | Found a runed translucent gate.
 45770 | Spider:3 | Noticed Jorgrun
 45771 | Spider:3 | Killed Nikola
 45781 | Spider:3 | Killed Jorgrun
 45954 | Spider:3 | Found a runed translucent gate.
 45954 | Spider:3 | Noticed reativica's ghost (journeyman CeHu)
 46098 | Spider:4 | Entered Level 4 of the Spider Nest
 46182 | Spider:4 | Noticed Arachne
 46206 | Spider:4 | Killed Arachne
 46492 | Spider:4 | Reached XP level 20. HP: 155/155 MP: 32/32
 46652 | Spider:4 | Noticed Mara
 46655 | Spider:4 | Noticed ArcanElement's illusion
 46663 | Spider:4 | Killed Mara
 47535 | Spider:4 | Reached skill level 17 in Invocations
 47607 | Spider:4 | Got a gossamer rune of Zot
 47946 | Lair:1   | Identified a scroll of acquirement
 47949 | Lair:1   | Acquired a manual of Long Blades
 48100 | Shoals:4 | Entered Level 4 of the Shoals
 48245 | Shoals:4 | Reached skill level 15 in Shields
 48556 | Shoals:4 | Identified Comacium's Guide on Freezing Summoning
 49122 | Shoals:4 | Got a barnacled rune of Zot
 49182 | Shoals:4 | Got an iridescent longbow
 49183 | Shoals:4 | Identified the +4 longbow "Nexi" {flame, rF+ Str+4 Dex+3}
                  | (You found it on level 4 of the Shoals)
 49551 | Elf:1    | Entered Level 1 of the Elven Halls
 49559 | Elf:1    | Reached skill level 15 in Long Blades
 49875 | Elf:1    | Found a runed translucent gate.
 49875 | Elf:1    | Found a runed translucent gate.
 49875 | Elf:1    | Found a runed translucent gate.
 49875 | Elf:1    | Found a runed translucent gate.
 49875 | Elf:1    | Found a runed translucent gate.
 49878 | Elf:1    | Found a runed translucent gate.
 49962 | Elf:1    | Reached XP level 21. HP: 117/163 MP: 33/33
 51059 | Shoals:3 | Bought the +1 cloak of Starlight {*Dazzle EV+4 Stlth--} for
                  | 976 gold pieces
 51059 | Shoals:3 | Found the +1 cloak of Starlight {*Dazzle EV+4 Stlth--}
 52190 | Elf:2    | Found a runed translucent gate.
 52190 | Elf:2    | Found a runed translucent gate.
 52191 | Elf:2    | Found a runed translucent gate.
 53535 | Elf:3    | Entered Level 3 of the Elven Halls
 53875 | Elf:3    | Found Asaequs's Assorted Antiques.
 53875 | Elf:3    | Found Jaecseps's Antique Weapon Shoppe.
 53878 | Elf:3    | Found Iziyqeda's Weapon Shoppe.
 53879 | Elf:3    | Found Kyixu's Antique Armour Emporium.
 53984 | Elf:3    | Reached skill level 18 in Invocations
 54178 | Elf:3    | Reached XP level 22. HP: 172/172 MP: 35/35
 54729 | Elf:3    | Identified the +1 ring mail "Ori Coufof" {Int+4}
 54729 | Elf:3    | Identified the ring "Otux" {rElec Stlth-}
 54851 | Elf:3    | Identified the +7 rapier "Nighosmo" {chaos, Str+4}
 54863 | Elf:3    | Identified the cursed +2 falchion of Ibarghups {freeze,
                  | *Drain rPois Str+2}
 54871 | Elf:3    | Identified the ring "Oruagief" {EV+4 Dex+3}
 55999 | Depths:1 | Entered Level 1 of the Depths
 56118 | Vaults:1 | Entered Level 1 of the Vaults
 57383 | Vaults:1 | Reached skill level 19 in Invocations
 58024 | Vaults:2 | Reached XP level 23. HP: 175/180 MP: 36/36
 58377 | Vaults:2 | Reached skill level 15 in Fighting
 58669 | Vaults:2 | Reached skill level 15 in Armour
 59955 | Vaults:3 | Reached skill level 15 in Dodging
 60324 | Vaults:3 | Found a staircase to the Crypt.
 60324 | Vaults:3 | Found an ancient bone altar of Kikubaaqudgha.
 60325 | Vaults:3 | Found a basalt altar of Yredelemnul.
 60411 | Vaults:3 | Reached XP level 24. HP: 189/189 MP: 35/36
 60497 | Vaults:3 | Found Kyeweh's Assorted Antiques.
 61075 | Vaults:4 | Reached skill level 20 in Invocations
 61300 | Vaults:4 | Noticed Boris
 61437 | Crypt:1  | Entered Level 1 of the Crypt
 61756 | Crypt:1  | Noticed a curse toe
 61757 | Crypt:1  | Identified a +9 eudemon blade of holy wrath (a +7 demon
                  | blade of flaming blessed by the Shining One)
 61757 | Crypt:1  | Received a gift from the Shining One
 61804 | Crypt:1  | Killed a curse toe
 62823 | Vaults:4 | Killed Boris
 62961 | Vaults:4 | Found Cofou's Jewellery Emporium.
 63024 | Vaults:4 | Reached XP level 25. HP: 197/197 MP: 37/37
 64066 | Elf:3    | Bought the +3 pair of gauntlets of War {Slay+5} for 1472
                  | gold pieces
 64066 | Elf:3    | Found the +3 pair of gauntlets of War {Slay+5}
 64079 | Elf:3    | Bought a runed helmet for 292 gold pieces
 64584 | Crypt:2  | Noticed Margery
 64616 | Crypt:1  | Killed Margery
 65684 | Crypt:2  | Noticed Jory
 65693 | Crypt:2  | Killed Jory
 65725 | Crypt:2  | Noticed Bai Suzhen
 65740 | Crypt:2  | Killed Bai Suzhen
 66087 | Crypt:2  | Acquired a +1 double sword of holy wrath
 66095 | Crypt:3  | Entered Level 3 of the Crypt
 66688 | Crypt:3  | Found a staircase to the Tomb.
 67122 | Crypt:3  | Reached XP level 26. HP: 207/207 MP: 37/37
 67182 | Crypt:3  | Found an ancient bone altar of Kikubaaqudgha.
 67183 | Crypt:3  | Found a basalt altar of Yredelemnul.
 67183 | Crypt:3  | Noticed a curse toe
 67204 | Crypt:3  | Killed a curse toe
 67395 | Crypt:3  | Got a bloodstained robe
 67439 | Crypt:3  | Identified the Catalogue of Bewitchment and Shape Shifting
 67466 | Crypt:3  | Identified the +2 robe of Anarchy {Stlth+} (You found it on
                  | level 3 of the Crypt)
 68504 | Depths:1 | Upgraded the game from 0.27-a0-223-ge082b6e869 to
                  | 0.27-a0-242-ge0fc76b88b
 68682 | Depths:1 | Found a gateway to Hell.
 68902 | Depths:1 | Found a one-way gate leading to the halls of Pandemonium.
 68902 | Depths:1 | Gained mutation: You are frail. (-10% HP) [a neqoxec]
 68907 | Depths:1 | Gained mutation: Potions are less effective at restoring
                  | your health. [a cacodemon]
 68911 | Depths:1 | Gained mutation: You are clumsy. (Dex -2) [a cacodemon]
 69506 | Depths:2 | Found a gateway to a ziggurat.
 69775 | Depths:2 | Paralysed by a floating eye for 2 turns
 69980 | Depths:2 | Found a shadowy altar of Dithmenos.
 69981 | Depths:2 | Found a bloodstained altar of Trog.
 69982 | Depths:2 | Found a burning altar of Makhleb.
 69982 | Depths:2 | Found a glowing silver altar of Zin.
 70402 | Depths:2 | Identified the +0 robe of the Endless Suns {*Drain rF+ rC+}
 70585 | Depths:2 | Found a one-way gate to the infinite horrors of the Abyss.
 70588 | Depths:2 | Noticed Louise
 70603 | Depths:2 | Killed Louise
 71118 | Depths:3 | Noticed Boris
 71126 | Depths:3 | Killed Boris
 71276 | Depths:3 | Reached skill level 21 in Invocations
 71804 | Depths:3 | Reached XP level 27. HP: 193/193 MP: 37/37
 71941 | Depths:3 | Found a runed translucent gate.
 71941 | Depths:3 | Found a runed translucent gate.
 71941 | Depths:3 | Found a runed translucent gate.
 71980 | Depths:3 | Identified the cursed +0 dagger "Pogaug" {chaos, *Corrode
                  | +Blink Dex+5}
 71981 | Depths:3 | Identified the +2 battleaxe "Pimips" {spect, rElec Int+2}
 71981 | Depths:3 | Noticed an ancient lich
 71981 | Depths:3 | Identified the +2 battleaxe "Pimips" {spect, rElec Int+2}
 72011 | Depths:3 | Found a runed translucent gate.
 72011 | Depths:3 | Found a runed translucent gate.
 72011 | Depths:3 | Found a runed translucent gate.
 73490 | Depths:4 | Found a corrupted altar of Lugonu.
 73805 | Depths:5 | Entered Level 5 of the Depths
 74727 | Depths:5 | Found a gate to the Realm of Zot.
 75748 | Lair:1   | Acquired 593 gold pieces
 76299 | Spider:3 | Killed reativica's ghost
 76877 | Depths:3 | Paralysed by a floating eye for 2 turns
 76881 | Depths:3 | Killed an ancient lich
 76922 | Depths:3 | Identified Huxkoid's Handbook of Dusty Malediction
 77283 | Shoals:3 | Bought a garnet-encrusted ring mail for 288 gold pieces
 77283 | Shoals:3 | Bought a scorched leather armour for 224 gold pieces
 77283 | Shoals:3 | Bought a glowing cloak for 240 gold pieces
 77284 | Shoals:3 | Identified the cursed +0 leather armour "Sublolam" {+Fly
                  | Str+4} (You bought it in a shop on level 3 of the Shoals)
 77285 | Shoals:3 | Identified the cursed +0 ring mail of the Goldsmith {Harm
                  | rElec rCorr Dex+2} (You bought it in a shop on level 3 of
                  | the Shoals)
 77674 | Elf:3    | Bought a shimmering ring mail for 351 gold pieces
 77674 | Elf:3    | Identified the +3 ring mail of Faac {rPois Str+3 Dex-5}
                  | (You bought it in a shop on level 3 of the Elven Halls)
 78363 | Shoals:3 | Bought a fine short sword for 320 gold pieces
 78363 | Shoals:3 | Bought a glowing long sword for 260 gold pieces
 78363 | Shoals:3 | Identified the +6 short sword of Armageddon {vamp, rF+
                  | Dex+2 SInv} (You bought it in a shop on level 3 of the
                  | Shoals)
 78720 | Elf:3    | Bought a runed long sword for 182 gold pieces
 79038 | Slime:1  | Entered Level 1 of the Pits of Slime
 79089 | Slime:1  | Paralysed by a great orb of eyes for 6 turns
 79851 | Slime:1  | Gained mutation: Armour fits poorly on your strangely
                  | shaped body. [a shining eye]
 79853 | Slime:1  | Gained mutation: You are very clumsy. (Dex -4) [a shining
                  | eye]
 79855 | Slime:1  | Gained mutation: Your spells are a little harder to cast,
                  | but a little more powerful. [a shining eye]
 79856 | Slime:1  | Gained mutation: Potions are poor at restoring your health.
                  | [a shining eye]
 79862 | Slime:1  | Gained mutation: You tend to lose your temper in combat. [a
                  | shining eye]
 79879 | Slime:1  | Gained mutation: You are weak. (Str -2) [a shining eye]
 79882 | Slime:1  | Gained mutation: Your body sometimes deteriorates upon
                  | taking damage. [a shining eye]
 79883 | Slime:1  | Gained mutation: You are occasionally teleported next to
                  | monsters. [a shining eye]
 81121 | Slime:3  | Lost mutation: You tend to lose your temper in combat. [a
                  | shining eye]
 81125 | Slime:3  | Gained mutation: Your body often deteriorates upon taking
                  | damage. [a shining eye]
 81126 | Slime:3  | Gained mutation: You are very weak. (Str -4) [a shining
                  | eye]
 81334 | Slime:3  | Gained mutation: You are dopey. (Int -2) [a shining eye]
 81982 | Slime:5  | Entered Level 5 of the Pits of Slime
 82001 | Slime:5  | Reached skill level 22 in Invocations
 82013 | Slime:5  | Gained mutation: Your magical capacity is low. (-10% MP) [a
                  | shining eye]
 82017 | Slime:5  | Gained mutation: Scrolls take you a little longer to read.
                  | [a shining eye]
 82315 | Slime:5  | Noticed the Royal Jelly
 82909 | Slime:5  | Gained mutation: You are very frail. (-20% HP) [a shining
                  | eye]
 82967 | Slime:5  | Gained mutation: You are extremely frail. (-30% HP) [a
                  | shining eye]
 82977 | Slime:5  | Gained mutation: Your magical capacity is very low. (-20%
                  | MP) [a shining eye]
 83456 | Lair:1   | Lost mutation: You are very clumsy. (Dex -4) [potion of
                  | mutation]
 83456 | Lair:1   | Lost mutation: You are very weak. (Str -4) [potion of
                  | mutation]
 83456 | Lair:1   | Lost mutation: Your body often deteriorates upon taking
                  | damage. [potion of mutation]
 83456 | Lair:1   | Lost mutation: You are extremely frail. (-30% HP) [potion
                  | of mutation]
 83456 | Lair:1   | Gained mutation: Your system is resistant to poisons.
                  | (rPois) [potion of mutation]
 83457 | Lair:1   | Lost mutation: Scrolls take you a little longer to read.
                  | [potion of mutation]
 83457 | Lair:1   | Lost mutation: Your spells are a little harder to cast, but
                  | a little more powerful. [potion of mutation]
 83457 | Lair:1   | Lost mutation: Armour fits poorly on your strangely shaped
                  | body. [potion of mutation]
 83457 | Lair:1   | Gained mutation: You expend magic power (3 MP) to
                  | strengthen your wands. [potion of mutation]
 83458 | Lair:1   | Lost mutation: You are weak. (Str -2) [potion of mutation]
 83458 | Lair:1   | Lost mutation: You are clumsy. (Dex -2) [potion of
                  | mutation]
 83458 | Lair:1   | Lost mutation: You expend magic power (3 MP) to strengthen
                  | your wands. [potion of mutation]
 83458 | Lair:1   | Gained mutation: You possess an exceptional clarity of
                  | mind. [potion of mutation]
 83459 | Lair:1   | Lost mutation: You possess an exceptional clarity of mind.
                  | [potion of mutation]
 83459 | Lair:1   | Lost mutation: You are very frail. (-20% HP) [potion of
                  | mutation]
 83459 | Lair:1   | Lost mutation: Your magical capacity is very low. (-20% MP)
                  | [potion of mutation]
 83459 | Lair:1   | Lost mutation: Your body sometimes deteriorates upon taking
                  | damage. [potion of mutation]
 83459 | Lair:1   | Gained mutation: You have large cloven feet. [potion of
                  | mutation]
 83460 | Lair:1   | Lost mutation: You are frail. (-10% HP) [potion of
                  | mutation]
 83460 | Lair:1   | Lost mutation: Your system is resistant to poisons. (rPois)
                  | [potion of mutation]
 83460 | Lair:1   | Lost mutation: You have large cloven feet. [potion of
                  | mutation]
 83460 | Lair:1   | Gained mutation: Your magical capacity is very low. (-20%
                  | MP) [potion of mutation]
 83460 | Lair:1   | Gained mutation: You expend magic power (3 MP) to
                  | strengthen your wands. [potion of mutation]
 83460 | Lair:1   | Gained mutation: Your muscles are strong. (Str +2) [potion
                  | of mutation]
 83461 | Lair:1   | Lost mutation: You expend magic power (3 MP) to strengthen
                  | your wands. [potion of mutation]
 83461 | Lair:1   | Lost mutation: Potions are poor at restoring your health.
                  | [potion of mutation]
 83461 | Lair:1   | Gained mutation: You are resistant to electric shocks.
                  | (rElec) [potion of mutation]
 83462 | Lair:1   | Lost mutation: Your magical capacity is very low. (-20% MP)
                  | [potion of mutation]
 83462 | Lair:1   | Lost mutation: Your magical capacity is low. (-10% MP)
                  | [potion of mutation]
 83462 | Lair:1   | Lost mutation: Potions are less effective at restoring your
                  | health. [potion of mutation]
 83462 | Lair:1   | Lost mutation: Your muscles are strong. (Str +2) [potion of
                  | mutation]
 83462 | Lair:1   | Gained mutation: Your spells are a little easier to cast,
                  | but a little less powerful. [potion of mutation]
 83462 | Lair:1   | Lost mutation: Your spells are a little easier to cast, but
                  | a little less powerful. [potion of mutation]
 83462 | Lair:1   | Gained mutation: You are somewhat resistant to further
                  | mutation. [potion of mutation]
 83647 | Slime:5  | Killed the Royal Jelly
 84030 | Slime:5  | Got a dazzling helmet
 84041 | Slime:5  | Identified the +2 helmet of Bosoqok {Stlth+} (You found it
                  | on level 5 of the Pits of Slime)
 84078 | Slime:5  | Got a slimy rune of Zot
 84092 | Slime:5  | Got a translucent great sword
 84093 | Slime:5  | Identified the +6 great sword of a Gauntlet {drain, *Rage
                  | +Fly Str+2 Int+4} (You found it on level 5 of the Pits of
                  | Slime)
 84103 | Slime:5  | Got a fading helmet
 84114 | Slime:5  | Identified the +1 helmet of the Several Invaders {-Cast rF+
                  | Str+3} (You found it on level 5 of the Pits of Slime)
 84123 | Slime:5  | Got a smoking glaive
 84149 | Slime:5  | Identified Sif Muna's Incunabulum of the Excruciating Rocks
 84195 | Slime:5  | Identified the +5 glaive of False Hope {vorpal, rF+ Int+3}
                  | (You found it on level 5 of the Pits of Slime)
 84690 | Depths:2 | Voluntarily entered the Abyss.
 84775 | Abyss:2  | Paralysed by you for 7 turns
 84882 | Abyss:2  | Paralysed by accursed screaming for 2 turns
 85036 | Abyss:2  | Paralysed by accursed screaming for 2 turns
 85334 | Abyss:2  | Found a corrupted altar of Lugonu.
 85483 | Abyss:2  | Found a corrupted altar of Lugonu.
 85519 | Abyss:2  | Found a corrupted altar of Lugonu.
 86282 | Abyss:2  | Found a corrupted altar of Lugonu.
 86347 | Abyss:2  | Found a corrupted altar of Lugonu.
 86436 | Abyss:2  | Got a twisted rapier
 86443 | Abyss:2  | Identified the +6 rapier "Cisav" {drain, rElec MP+9 Int-3
                  | Stlth+} (You found it on level 2 of the Abyss)
 86783 | Abyss:3  | Found a corrupted altar of Lugonu.
 87330 | Abyss:4  | Found a roughly hewn altar of Beogh.
 87475 | Abyss:4  | Paralysed by accursed screaming for 1 turns
 87492 | Abyss:4  | Found a glowing golden altar of the Shining One.
 87505 | Abyss:4  | Paralysed by accursed screaming for 1 turns
 87558 | Abyss:4  | Paralysed by accursed screaming for 1 turns
 87561 | Abyss:4  | Paralysed by accursed screaming for 1 turns
 87631 | Abyss:4  | Noticed a juggernaut
 87643 | Abyss:4  | Killed a juggernaut
 87647 | Abyss:4  | Got an abyssal rune of Zot
 87654 | Depths:2 | Escaped the Abyss
 88138 | Vaults:5 | Entered Level 5 of the Vaults
 88148 | Vaults:5 | Noticed a dread lich
 88163 | Vaults:5 | Killed a dread lich
 88179 | Vaults:5 | Paralysed by an ogre mage for 6 turns
 88180 | Vaults:5 | Reached skill level 23 in Invocations
 88208 | Vaults:5 | Noticed a dread lich
 88329 | Vaults:5 | Paralysed by a dread lich for 4 turns
 88334 | Vaults:5 | Killed a dread lich
 88371 | Vaults:5 | Identified the +3 quarterstaff of Ylaghe Zean {freeze,
                  | rElec MP-9 Dex+2 Stlth+}
 88553 | Vaults:5 | Noticed Sojobo
 88573 | Vaults:5 | Killed Sojobo
 88705 | Vaults:5 | Got a silver rune of Zot
 89289 | Vaults:5 | Identified Gucusol's Incunabulum of Blistering Companions
 89817 | Vaults:5 | Got a smoking plate armour
 89818 | Vaults:5 | Identified the cursed +0 plate armour "Hialusept" {+Inv
                  | rPois} (You found it on level 5 of the Vaults)
 89905 | Vaults:4 | Bought the amulet "Qytiqeyc" {Reflect Will+ Str-2 SH+5
                  | SInv} for 852 gold pieces
 90330 | Zot:1    | Entered Level 1 of the Realm of Zot
 91381 | Zot:2    | Noticed an ancient lich
 91392 | Zot:2    | Noticed a Killer Klown
 91410 | Zot:2    | Killed an ancient lich
 91410 | Zot:2    | Killed a Killer Klown
 91567 | Zot:2    | Got a tiger eye-encrusted scale mail
 91568 | Zot:2    | Identified the +2 scale mail of the Trout {rElec rC+ MP+9}
                  | (You found it on level 2 of the Realm of Zot)
 91839 | Zot:2    | Reached skill level 24 in Invocations
 93142 | Zot:3    | Noticed Ytolar's ghost (legendary DsFi)
 93166 | Zot:3    | Found a transporter.
 93169 | Zot:3    | Found a transporter.
 94746 | Zot:4    | Noticed a Killer Klown
 94771 | Zot:4    | Killed a Killer Klown
 94895 | Zot:4    | Noticed a Killer Klown
 94907 | Zot:4    | Killed a Killer Klown
 95700 | Zot:4    | Gained mutation: You possess an exceptional clarity of
                  | mind. [mutagenic glow]
 96832 | Zot:5    | Entered Level 5 of the Realm of Zot
 97088 | Zot:5    | Noticed a dread lich
 97089 | Zot:5    | Noticed a dread lich
 97097 | Zot:5    | Killed a dread lich
 97105 | Zot:5    | Killed a dread lich
 97107 | Zot:5    | Noticed an orb of fire
 97119 | Zot:5    | Noticed a dread lich
 97121 | Zot:5    | Noticed a Killer Klown
 97122 | Zot:5    | Gained mutation: Your body sometimes deteriorates upon
                  | taking damage. [an orb of fire]
 97123 | Zot:5    | Noticed a dread lich
 97127 | Zot:5    | Noticed an ancient lich
 97136 | Zot:5    | Killed an orb of fire
 97137 | Zot:5    | Reached skill level 25 in Invocations
 97140 | Zot:5    | Noticed an orb of fire
 97143 | Zot:5    | Killed a dread lich
 97148 | Zot:5    | Noticed a Killer Klown
 97154 | Zot:5    | Noticed an orb of fire
 97158 | Zot:5    | Noticed an ancient lich
 97159 | Zot:5    | Killed a dread lich
 97164 | Zot:5    | Killed an ancient lich
 97166 | Zot:5    | Noticed a dread lich
 97168 | Zot:5    | Killed a Killer Klown
 97168 | Zot:5    | Noticed a dread lich
 97170 | Zot:5    | Noticed an ancient lich
 97171 | Zot:5    | Lost mutation: You possess an exceptional clarity of mind.
                  | [an orb of fire]
 97171 | Zot:5    | Noticed a dread lich
 97176 | Zot:5    | Killed an orb of fire
 97182 | Zot:5    | Killed a dread lich
 97187 | Zot:5    | Killed a dread lich
 97188 | Zot:5    | Gained mutation: You have sharp toenails. [an orb of fire]
 97189 | Zot:5    | Killed an ancient lich
 97190 | Zot:5    | Killed a dread lich
 97194 | Zot:5    | Killed an ancient lich
 97205 | Zot:5    | Gained mutation: You are frail. (-10% HP) [an orb of fire]
 97210 | Zot:5    | Killed an orb of fire
 97231 | Zot:5    | a Killer Klown changed into a titan
 98247 | Zot:3    | Killed Ytolar's ghost
 98293 | Zot:3    | Got a heavily runed tin amulet
 98304 | Zot:3    | Identified the amulet "Cewiuk" {rF+ Regen+} (You found it
                  | on level 3 of the Realm of Zot)
 98586 | Lair:1   | Lost mutation: You are frail. (-10% HP) [potion of
                  | mutation]
 98586 | Lair:1   | Lost mutation: You are occasionally teleported next to
                  | monsters. [potion of mutation]
 98586 | Lair:1   | Lost mutation: Your body sometimes deteriorates upon taking
                  | damage. [potion of mutation]
 98897 | Tomb:1   | Entered Level 1 of the Tomb of the Ancients
 99091 | Tomb:1   | Paralysed by a sphinx for 3 turns
 99103 | Tomb:1   | Noticed a royal mummy
 99115 | Tomb:1   | Killed a royal mummy
100735 | Tomb:1   | Noticed a royal mummy
100749 | Tomb:1   | Killed a royal mummy
101150 | Tomb:1   | Noticed a royal mummy
101158 | Tomb:1   | Killed a royal mummy
101479 | Tomb:2   | Noticed a royal mummy
101483 | Tomb:2   | Noticed a royal mummy
101779 | Tomb:2   | Noticed a royal mummy
101786 | Tomb:1   | Killed a royal mummy
102111 | Tomb:2   | Noticed a royal mummy
102111 | Tomb:2   | Noticed a royal mummy
102115 | Tomb:2   | Killed a royal mummy
102115 | Tomb:2   | Killed a royal mummy
102116 | Tomb:2   | Killed a royal mummy
102949 | Tomb:2   | Killed a royal mummy
103179 | Tomb:2   | Reached skill level 26 in Invocations
103575 | Tomb:1   | Noticed a royal mummy
103579 | Tomb:1   | Killed a royal mummy
103640 | Tomb:1   | Noticed a royal mummy
103646 | Tomb:1   | Noticed a royal mummy
103656 | Tomb:1   | Killed a royal mummy
103669 | Tomb:1   | Killed a royal mummy
103669 | Tomb:1   | Killed by a royal mummy's death curse

Illustrated notes

Levels and vault maps discovered:
D:1:      scummos_arrival_simple_crosswalls, layout_basic,
          minmay_misc_feat_enclosed
D:2:      layout_rooms, okawaru_gym_becter, grunt_qazlal_clouds
D:3:      layout_basic, cheibrodos_ashenzari_chains
D:4:      gammafunk_cloud_chamber, layout_cave_pools, kennysheep_mini,
          xom_butterflies, st_stairs_11
D:5:      minmay_chambers_of_threes, layout_rooms, lemuel_blue_sif_altar,
          minmay_temple_entry_offerings, basic_altar,
          nicolae_ru_the_path_less_chosen
D:6:      layout_loops_ring, enter_ossuary_2, minmay_shop_mayhem, minivault_11
D:7:      lemuel_ratsnest, layout_cave_pools, gammafunk_ghost_split,
          fedhas_ov_isle_minmay
D:8:      layout_basic
D:9:      layout_rooms, slow_altar_1, zin_treasury, david_orc_1_choice
D:10:     layout_cave_pools, minmay_lair_entry_grove, trog_book
D:11:     layout_irregular_city
D:12:     layout_layer_cave, chequers_serial_rivers_room_a, uniq_maurice,
          uniq_kirke
D:13:     layout_gridville
D:14:     layout_layer_cave, grunt_vaults_entry_tiered, hangedman_decor_growths
D:15:     hangedman_depths_entry_civil_slaughter, layout_basic,
          chequers_serial_rivers_marsh, einodemon_armed_red_devil_minivault
Temple:   eino_temple_lava
Lair:1:   layout_cellular_growth, basic_altar, minmay_stone_trees_small,
          st_stairs_4, grunt_megastairs_3, uniq_gastronok
Lair:2:   layout_hall_layers, gammafunk_ghost_ooze
Lair:3:   layout_loops_ring, minmay_shoals_entry_centaurs,
          spider_nest_entry_funnel_web, basic_altar, nzn_ghost_randoct
Lair:4:   layout_loops_ring, grunt_megastairs_4
Lair:5:   layout_roguey [special_room_mythical_zoo], minmay_slime_entry_pillars,
          gammafunk_ghost_arena, chequers_serial_rivers_micro_a,
          chequers_serial_rivers_large_a
Lair:6:   hangedman_lair_in_review, layout_regular_city,
          guppyfry_lair_end_dragon, nicolae_volcano_entry_vermiform
Shoals:1: layout_shoals
Shoals:2: layout_shoals, serial_shops, shop, lightli_airlock, uniq_donald
Shoals:3: layout_shoals, serial_shops, shop, shop, shop, shop,
          nicolae_shoals_stone_sculpture_thing, uniq_ilsuiw
Shoals:4: shoals_end_grunt_ice, layout_shoals
Spider:1: layout_spider_delve, uniq_roxanne, uniq_azrael, uniq_rupert,
          uniq_agnes
Spider:2: layout_chambers, portal_ice_cave_entry_ice_statue_two,
          nicolae_spider_cling_halls
Spider:3: layout_spider_delve, ebering_ghost_rock_garden, special_room
          [special_room_bee], hangedman_spider_mandibles, uniq_jorgrun,
          uniq_nikola
Spider:4: spider_rune_water, uniq_mara, uniq_arachne
Slime:1:  layout_caves
Slime:2:  cheibrodos_slime_lost_civilization_2, layout_caves
Slime:3:  layout_caves
Slime:4:  layout_caves, special_room [special_room_jelly]
Slime:5
Orc:1:    layout_caves, serial_shops, shop
Orc:2:    grunt_orc_community_town_hall, layout_diamond_mine,
          grunt_orc_community_big_house_1, grunt_orc_community_big_house_1,
          grunt_orc_community_house_3, grunt_orc_community_house_2,
          grunt_orc_community_house_1, grunt_orc_community_house_3,
          serial_shops, nicolae_shop_waterfront,
          nicolae_shop_temple_entry_statues_fountains, nicolae_shop_behind_doors
Elf:1:    layout_gridlike, orc_legates
Elf:2:    layout_loops_corners, minivault_27, evilmike_ambush
          [evilmike_ambush_outer_basic, evilmike_ambush_inner_basic]
Elf:3:    grunt_elf_hall_asides, layout_geoelf_castle, minmay_shoptagon
Vaults:1: nicolae_vaults_twisting_passages, ontoclasm_vaults_spin,
          nicolae_vaults_network_star, hangedman_vaults_maws,
          ontoclasm_vaults_fault, ontoclasm_vaults_loading_screen, v_rooms_5,
          hangedman_vaults_corner_blocks, v_alt_pattern_2,
          vaults_room_semicircle, ontoclasm_vaults_twist,
          layout_vaults_omnicross
Vaults:2: vaults_mumra_lcd, nicolae_vaults_theta, v_misc_10,
          hangedman_vaults_snaps, hangedman_vaults_variations,
          nicolae_vaults_diagonal_hallway_9, v_misc_18, layout_vaults_omnigrid
Vaults:3: nicolae_vaults_circle_grid_b, ontoclasm_vaults_shout,
          minmay_crypt_entry_necro_gods, hangedman_vaults_restitches, v_misc_23,
          nicolae_vaults_diagonal_hallway_6, hangedman_vaults_stagger,
          nicolae_vaults_windows_and_doors_thing, nicolae_vaults_sealed_display,
          grunt_vaults_focal, hangedman_vaults_impose, vaults_room_hallway,
          nicolae_vaults_little_squares_6, vaults_dpeg_ring,
          grunt_vaults_hallway_short, layout_vaults_maze_snakey, serial_shops,
          shop
Vaults:4: v_rooms_2, ontoclasm_vaults_hangar, v_misc_5, v_misc_13, v_misc_9,
          v_misc_28, nicolae_vaults_theta, v_alt_pattern_2,
          nicolae_vaults_asterisk, grunt_vaults_twisty, vaults_room_glass_cross,
          ontoclasm_vaults_loading_screen, layout_vaults_ring, serial_shops,
          shop, uniq_boris
Vaults:5: serial_shops, uniq_sojobo
Crypt:1:  grunt_deathspiral_small, layout_chaotic_city
Crypt:2:  layout_regular_city, lemuel_nasty_fountain, uniq_margery, uniq_jory,
          uniq_bai_suzhen
Crypt:3:  lightli_unholy_cathedral, layout_chaotic_city,
          nicolae_tomb_entry_unfolded_pyramid_orthogonal,
          small_chamber_with_monster, minivault_23
Tomb:1
Tomb:2
Depths:1: layout_gridlike, hangedman_coc_ice_floe, minmay_misc_feat_roman,
          rand_demon_pan_entry_8, st_stairs_3, hangedman_decor_diamond_cutter,
          kennysheep_underground_church, firewood_loft
Depths:2: minmay_the_grid_octo_tiled_octocenter
          [minmay_the_grid_octo_thin_diamonds, minmay_the_grid_octo_fat_diamond,
          minmay_the_grid_octo_checkered, minmay_the_grid_octo_shrine,
          minmay_the_grid_octo_prize_ultimate_mussel_roller,
          minmay_the_grid_square_5x5_bracketed,
          minmay_the_grid_square_5x5_pentomino_r,
          minmay_the_grid_square_5x5_lines, minmay_the_grid_square_5x5_forky],
          layout_gridlike, enter_ziggurat_e,
          nicolae_abyss_entry_one_way_or_another, hell_entry,
          kennysheep_cluttered_room, serial_bayou_shore_b
Depths:3: kennysheep_treasure_stockpile, layout_cave_shapes, hell_entry,
          rand_demon_pan_entry_3, grunt_decor_junction, patterned_corridor
Depths:4: kennysheep_six_static_rooms, layout_basic,
          minmay_staircase_windowed_large, hell_entry, abyss_entry_flame_altar
Depths:5: grunt_twist_and_shout, layout_cave_pools, dk_noncrumbling_2,
          hellmouth_1, serial_bayou_shore_b
Zot:1:    layout_misc_corridors
Zot:2:    hangedman_zot_vaults_quadrants, layout_concentric_octagons,
          st_stairs_6, lemuel_golem_globe, lemuel_elevator
Zot:3:    layout_basic, gammafunk_ghost_arena, st_small_dragon_hoard_3,
          st_stairs_5
Zot:4:    kennysheep_ambush_hall, layout_concentric_octagons,
          hangedman_player_shredder
Zot:5:    layout_misc_corridors

Skill      XL: |  1  2  3  4  5  6  7  8  9 10 11 12 13 14 15 16 17 18 19 20 21 22 23 24 25 26 27 |
---------------+----------------------------------------------------------------------------------+-----
Dodging        | 1 2 3 4 5 6 7 8 9 10 11 12 13 14 15 16 17 22 | 22.7
Long Blades    | 3 4 6 7 9 10 11 12 13 14 15 17 18 19 20 24 | 24.8
Shields        | 4 5 6 7 8 9 10 11 13 14 15 16 17 22 | 22.8
Fighting       | 4 5 6 7 8 9 10 11 12 13 14 15 16 17 22 | 22.9
Armour         | 4 5 6 7 8 9 10 11 12 13 14 15 16 17 22 | 22.9
Invocations    | 3 5 7 8 10 11 12 13 14 15 16 17 18 19 20 21 26 | 26.0
Throwing       | 6 |  6.2

Action                   |  1- 3 |  4- 6 |  7- 9 | 10-12 | 13-15 | 16-18 | 19-21 | 22-24 | 25-27 || total
-------------------------+-------+-------+-------+-------+-------+-------+-------+-------+-------++-------
Melee: Long sword        |   103 |   185 |   458 |   545 |   839 |   993 |       |       |       ||  3123
       Dagger            |       |       |       |       |    70 |       |       |       |       ||    70
       Scimitar          |       |       |       |       |       |   861 |  1372 |  1354 |  1479 ||  5066
       Eudemon blade     |       |       |       |       |       |       |       |   140 |  3543 ||  3683
       Unarmed           |       |       |       |       |       |       |       |       |     2 ||     2
 Fire: Hunting sling     |       |       |       |       |       |       |     4 |       |       ||     4
Throw: Javelin           |       |       |       |       |     1 |       |       |       |       ||     1
       Boomerang         |       |       |       |       |       |     1 |     5 |     1 |     1 ||     8
Invok: Divine Shield     |       |       |     1 |     8 |     7 |     8 |     7 |     4 |    30 ||    65
       Summon Divine War |       |       |       |       |       |     1 |       |     3 |     8 ||    12
       Cleansing Flame   |       |       |       |       |       |       |     1 |     4 |    36 ||    41
       Brand Weapon With |       |       |       |       |       |       |       |     1 |       ||     1
 Abil: Evoke Flight      |       |       |     5 |       |       |     1 |       |       |       ||     6
Evoke: Wand              |       |       |     1 |     3 |    11 |     1 |     2 |     3 |    14 ||    35
       Lightning rod     |       |       |       |       |       |       |       |     3 |       ||     3
  Use: Scroll            |       |     5 |    13 |    10 |     9 |    14 |    15 |     9 |    70 ||   145
       Potion            |       |     3 |     3 |     8 |     9 |     6 |     9 |     2 |    28 ||    68
 Stab: Invisible         |       |     1 |       |       |       |       |       |       |       ||     1
Armor: Scale mail        |     6 |       |       |       |       |    65 |       |       |       ||    71
       Ring mail         |    42 |    78 |    64 |       |   229 |       |       |       |       ||   413
       Plate armour      |       |       |   110 |    82 |       |   435 |   290 |       |   127 ||  1044
       Chain mail        |       |       |    15 |   171 |    16 |   154 |   103 |   139 |    10 ||   608
       Skin              |       |       |       |     2 |    18 |       |       |       |     9 ||    29
       Gold dragon scale |       |       |       |       |       |       |       |       |  1210 ||  1210
Dodge: Dodged            |    48 |    70 |   123 |   145 |   408 |   951 |   755 |   839 |  3171 ||  6510
       Repelled          |       |       |       |       |       |       |    15 |       |       ||    15
Block: Kite shield       |    56 |   107 |   259 |   393 |   588 |  1301 |  1174 |  1240 |  5094 || 10212
       Reflection        |       |       |       |       |       |       |       |       |    12 ||    12
       Rpst.: Long sword |    11 |    23 |    46 |    44 |    96 |    76 |       |       |       ||   296
       Scimitar          |       |       |       |       |       |   131 |   139 |   155 |   202 ||   627
       Eudemon blade     |       |       |       |       |       |       |       |    17 |   319 ||   336

Table legend: (Time is in decaauts)
 A = Elapsed time spent in this place.
 B = Non-inter-level travel time spent in this place.
 C = Inter-level travel time spent in this place.
 D = Time resting spent in this place.
 E = Time spent auto-exploring this place.
 F = Levels seen in this place.
 G = Mean time per level.
                   A        B        C        D        E       F      G
               +--------+--------+--------+--------+--------+-----+--------+
         Total | 101789 |  81983 |  19806 |  23199 |  35340 |  67 | 1519.2 |
       Dungeon |  23454 |  18011 |   5443 |   5375 |   8582 |  15 | 1563.6 |
        Temple |     81 |     56 |     25 |      0 |     54 |   1 |   81.0 |
          Lair |  16896 |  11690 |   5206 |   4276 |   4516 |   6 | 2816.0 |
        Shoals |   4576 |   3610 |    966 |    734 |   1703 |   4 | 1144.0 |
   Spider Nest |   5730 |   4919 |    811 |   1046 |   2873 |   4 | 1432.5 |
    Slime Pits |   4269 |   3947 |    322 |   1233 |   1552 |   5 |  853.8 |
  Orcish Mines |   3079 |   1976 |   1103 |    348 |    955 |   2 | 1539.5 |
   Elven Halls |   5593 |   4713 |    880 |   1181 |   2158 |   3 | 1864.3 |
        Vaults |   9280 |   7200 |   2080 |    973 |   4199 |   5 | 1856.0 |
         Crypt |   4043 |   3443 |    600 |    846 |   1637 |   3 | 1347.7 |
          Tomb |   4389 |   4214 |    175 |   2890 |    287 |   2 | 2194.5 |
        Depths |   7513 |   6123 |   1390 |   1339 |   3375 |   5 | 1502.6 |
           Zot |   7166 |   6364 |    802 |   1278 |   3143 |   5 | 1433.2 |
         Abyss |   2609 |   2609 |      0 |    399 |     43 |   4 |  652.2 |
       Ossuary |    924 |    924 |      0 |    259 |    140 |   1 |  924.0 |
      Ice Cave |   1661 |   1661 |      0 |    906 |     82 |   1 | 1661.0 |
       Volcano |    517 |    517 |      0 |    113 |     38 |   1 |  517.0 |
               +--------+--------+--------+--------+--------+-----+--------+

Top non-repeatable levels by time:
  Lair:1: 4621 daAuts
  Tomb:1: 3867 daAuts
  Lair:3: 3229 daAuts
     D:9: 2913 daAuts
  Lair:6: 2507 daAuts
   Orc:2: 2418 daAuts
  Lair:2: 2396 daAuts
   Zot:4: 2389 daAuts
    D:13: 2385 daAuts
Vaults:1: 2317 daAuts
    D:12: 2279 daAuts
Vaults:3: 2219 daAuts
  Lair:5: 2120 daAuts
   Elf:3: 2065 daAuts
  Lair:4: 2020 daAuts
